 Dungeon Crawl Stone Soup version 0.22-a0-533-g4d20840 (webtiles) character file.

3 reaverb the Conjurer (level 1, -4/7 HPs)
             Began as a Felid Conjurer on June 22, 2018.
             Slain by a gnoll
             ... wielding a +2 whip of electrocution
              (11 damage)
             ... on level 1 of the Dungeon.
             The game lasted 00:00:58 (111 turns).

reaverb the Conjurer (Felid Conjurer)                Turns: 111, Time: 00:00:58

Health: -4/7       AC:  1    Str:  4    XL:     1   Next: 41%
Magic:  2/4        EV: 18    Int: 16    God:
Gold:   0          SH:  0    Dex: 16    Spells: 3/4 levels left
                                        Lives:  0   Deaths: 0

rFire    . . .     SeeInvis +     - Unarmed
rCold    . . .     Gourm    .   (shield unavailable)
rNeg     . . .     Faith    .   (armour unavailable)
rPois    .         Spirit   .   (helmet unavailable)
rElec    .         Reflect  .   (cloak unavailable)
rCorr    .         Harm     .   (gloves unavailable)
MR       .....                  (boots unavailable)
Stlth    +++.......             (no amulet)
HPRegen  0.02/turn              (no ring)
MPRegen  0.09/turn              (no ring)

@: quick
A: very small, no armour, no weapons or thrown items, stealth, claws 1, fangs 3,
see invisible, carnivore, speed 1, shaggy fur 1, slow metabolism 1, sharp paws
a: no special abilities


You were on level 1 of the Dungeon.
You were not hungry.

You visited 1 branch of the dungeon, and saw 1 of its levels.

Notes
Turn   | Place    | Note
-------+----------+-------------------------------------------
     0 | D:1      | reaverb the Felid Conjurer began the quest for the Orb.
     0 | D:1      | Reached XP level 1. HP: 7/7 MP: 4/4
    99 | D:1      | Reached skill level 1 in Unarmed Combat
   111 | D:1      | Slain by a gnoll

Inventory:

Comestibles
 b - 2 rations

Table legend:
 A = Turns spent in this place as a percentage of turns spent in the entire game.
 B = Non-inter-level travel turns spent in this place as a percentage of non-inter-level travel turns spent in the entire game.
 C = Inter-level travel turns spent in this place as a percentage of turns spent in this place.
 D = Turns resting spent in this place as a percentage of non-inter-level travel turns spent in this place.
 E = Turns spent auto-exploring this place as a percentage of non-inter-level travel turns spent in this place.
 F = Non-inter-level travel turns spent in this place divided by the number of levels of this place that you've seen.
                   A       B       C       D       E      F
               +-------+-------+-------+-------+-------+----------------------
         Total | 100.0 | 100.0 |   0.0 |  43.2 |  28.8 | 111.0
       Dungeon | 100.0 | 100.0 |   0.0 |  43.2 |  28.8 | 111.0
               +-------+-------+-------+-------+-------+----------------------


   Skills:
 - Level 2.6 Dodging
 - Level 2.6 Stealth
 + Level 1.0 Unarmed Combat
 - Level 2.0 Spellcasting
 - Level 3.6 Conjurations


You had 3 spell levels left.
You knew the following spells:

 Your Spells              Type           Power        Failure   Level  Hunger
a - Magic Dart            Conj           ##..         4%          1    #......

Your spell library contained the following spells:

 Spells                   Type           Power        Failure   Level  Hunger
 Iskenderun's Mystic Bla  Conj           ##......     43%         4    #####..
 Fulminant Prism          Conj/Hex       #.........   69%         4    #####..
 Dazzling Spray           Conj/Hex       #.....       30%         3    ###....
 Force Lance              Conj/Tloc      #.......     69%         4    #####..
 Searing Ray              Conj           ##....       7%          2    ###....


Dungeon Overview and Level Annotations

Branches:
Dungeon (1/15)

Altars:


Innate Abilities, Weirdness & Mutations

You cannot wear armour.
You are incapable of wielding weapons or throwing items.
Your paws allow you to move quietly. (Stealth)
You have sharp claws.
You have razor-sharp teeth.
You have supernaturally acute eyesight. (SInv)
You are carnivorous and can eat meat at any time.
You cover ground quickly.
You are covered in fur. (AC +1)
You have a slow metabolism.
Your sharp claws are effective at attacking unaware monsters.


Message History

Found a club.
Which spell slot to assign to automagic? (Enter to disable, Esc to cancel) Automagic will cast spell in slot a (Magic Dart).
Found 18 stones.
b - 2 rations (gained 1)
Found a ring mail.
Found 18 stones.
There is a dry fountain here.
A kobold comes into view.
Unknown command.
A bat comes into view.
You scratch the bat.
The bat is severely wounded.
The bat misses you.
Casting: Magic Dart (safe; 4% risk of failure)
Confirm with . or Enter, or press ? or * to list all spells.
Aiming: Magic Dart (safe; 4% risk of failure)
Press: ? - help, Shift-Dir - straight line, f - bat
Aim: a bat (severely wounded)
The magic dart hits the bat.
You kill the bat!
Casting: Magic Dart (safe; 4% risk of failure)
Confirm with . or Enter, or press ? or * to list all spells.
Aiming: Magic Dart (safe; 4% risk of failure)
Press: ? - help, Shift-Dir - straight line, f - kobold
Aim: a kobold (resting)
The magic dart hits the kobold.
The kobold shouts!
Casting: Magic Dart (safe; 4% risk of failure)
Confirm with . or Enter, or press ? or * to list all spells.
Aiming: Magic Dart (safe; 4% risk of failure)
Press: ? - help, Shift-Dir - straight line, f/p - kobold
Aim: a kobold The magic dart hits the kobold.
You are too depleted to cast spells recklessly!
You scratch the kobold.
You kill the kobold!
You start resting.
Magic restored.
A rat comes into view.
A rat is nearby!
Casting: Magic Dart (safe; 4% risk of failure)
Confirm with . or Enter, or press ? or * to list all spells.
Aiming: Magic Dart (safe; 4% risk of failure)
Press: ? - help, Shift-Dir - straight line, f - rat
Aim: a rat You miscast Magic Dart.
You are very lightly contaminated with residual magic.
Your hair stands on end.
Casting: Magic Dart (safe; 4% risk of failure)
Confirm with . or Enter, or press ? or * to list all spells.
Aiming: Magic Dart (safe; 4% risk of failure)
Press: ? - help, Shift-Dir - straight line, f/p - rat
Aim: a rat The magic dart hits the rat.
You kill the rat!
You start resting.
Your magical contamination has completely faded away.
A hobgoblin comes into view. It is wielding a club.
A hobgoblin is nearby!
Casting: Magic Dart (safe; 4% risk of failure)
Confirm with . or Enter, or press ? or * to list all spells.
Aiming: Magic Dart (safe; 4% risk of failure)
Press: ? - help, Shift-Dir - straight line, f - hobgoblin
Aim: a hobgoblin, wielding a club (resting)
The magic dart hits the hobgoblin.
The hobgoblin shouts!
A gnoll comes into view. It is wielding a whip of electrocution.
Casting: Magic Dart (safe; 4% risk of failure)
Confirm with . or Enter, or press ? or * to list all spells.
Aiming: Magic Dart (safe; 4% risk of failure)
Press: ? - help, Shift-Dir - straight line, f/p - hobgoblin
Aim: a hobgoblin, wielding a club The magic dart hits the hobgoblin.
The hobgoblin is severely wounded.
The gnoll shouts!
Casting: Magic Dart (safe; 4% risk of failure)
Confirm with . or Enter, or press ? or * to list all spells.
Aiming: Magic Dart (safe; 4% risk of failure)
Press: ? - help, Shift-Dir - straight line, f/p - hobgoblin
Aim: a hobgoblin, wielding a club (severely wounded)
The magic dart hits the hobgoblin.
You kill the hobgoblin!
Your Unarmed Combat skill increases to level 1!
A hobgoblin comes into view. It is wielding a club.
You are too depleted to cast spells recklessly!
You are too depleted to cast spells recklessly!
You start resting.
The gnoll is too close now for your liking.
You scratch the gnoll. Your bite misses the gnoll.
The gnoll is lightly wounded.
The gnoll closely misses you.
You scratch the gnoll but do no damage.
The gnoll is lightly wounded.
The gnoll closely misses you.
You barely miss the gnoll.
The gnoll is lightly wounded.
The gnoll hits you with a whip of electrocution!
Ouch! That really hurt!
You die...

#........).
#.........
#........
#...†.g.#
#.......#
###.....# ..
#.......# ##..
#.....######....
#.....g@........
#...............
#............#.
#............#
#............#
#.......######
#.......###
#.........#
#########
#.........#
####........


You could see a gnoll.

Table legend:
 A = Kills in this place as a percentage of kills in entire the game.
 B = Kills by you in this place as a percentage of kills by you in the entire game.
 C = Kills by friends in this place as a percentage of kills by friends in the entire game.
 D = Other kills in this place as a percentage of other kills in the entire game.
 E = Experience gained in this place as a percentage of experience gained in the entire game.
 F = Experience gained in this place divided by the number of levels of this place that you have seen.
                   A       B       C       D       E      F
               +-------+-------+-------+-------+-------+----------------------
         Total | 100.0 | 100.0 |   N/A |   N/A | 100.0 |   5.0
       Dungeon | 100.0 | 100.0 |   N/A |   N/A | 100.0 |   5.0
               +-------+-------+-------+-------+-------+----------------------

Vanquished Creatures
  A hobgoblin (D:1)
  A bat (D:1)
  A kobold (D:1)
  A rat (D:1)
4 creatures vanquished.

Action                   || total
-------------------------++-------
Melee: Unarmed           ||     5
 Cast: Magic Dart        ||     7
Dodge: Dodged            ||     3
